[ AOE2 MATCH · #505754297 ]
UnrankedArmenians vs Japanese
Player's team · LOSS
Rival team · WIN
[ REPLAY ANALYSIS · EXTRACTED FROM THE RECORDED GAME ]
Feudal
9:26
Castle
24:27
Imperial
—
| APM avg | 52.5 |
| APM peak | 94 |
| eAPM avg | 23.9 |
| Villagers / military | 64 / 91 |
Focus
⚔️ 24.5% · 🌾 75.5%
Composite Bowman ×75 · Mangonel ×12 · Militia ×3 · Trade Cart ×1 · Battering Ram ×1
Feudal
11:32
Castle
23:46
Imperial
—
| APM avg | 53.1 |
| APM peak | 89 |
| eAPM avg | 22.3 |
| Villagers / military | 109 / 124 |
Focus
⚔️ 39.0% · 🌾 61.0%
Archer ×87 · Militia ×24 · Mangonel ×6 · Battering Ram ×4 · Monk ×3
Match map
Initial resources + every placement click. Lines = walls · curves = elevation contours. ◆ gold · ⬟ stone · ● berries · ✦ relic · ◌ wall gap
Your base· Open — 5t gap
Charly's base· Open — unwalled flank
Smoothed initial terrain · ◌ = detected wall gap · hover for details
Inputs per minute
— DeliManyak - - Charly
Build order — DeliManyak
First 150 of 256 actions detected
| 0:01 | Queue | Villager (Male) |
| 0:01 | Queue | Villager (Male) |
| 0:02 | Queue | Villager (Male) |
| 0:02 | Queue | Villager (Male) |
| 0:02 | Queue | Villager (Male) |
| 0:02 | Queue | Villager (Male) |
| 0:05 | Build | House |
| 0:06 | Build | House |
| 1:28 | Queue | Villager (Male) |
| 1:28 | Queue | Villager (Male) |
| 1:29 | Queue | Villager (Male) |
| 1:29 | Queue | Villager (Male) |
| 1:53 | Queue | Villager (Male) |
| 2:14 | Research | Loom |
| 2:14 | Research | Loom |
| 2:59 | Queue | Villager (Male) |
| 2:59 | Queue | Villager (Male) |
| 2:59 | Queue | Villager (Male) |
| 3:07 | Queue | Villager (Male) |
| 3:07 | Queue | Villager (Male) |
| 3:42 | Queue | Villager (Male) |
| 3:43 | Queue | Villager (Male) |
| 3:43 | Queue | Villager (Male) |
| 4:02 | Queue | Villager (Male) |
| 4:10 | Build | House |
| 4:14 | Build | Mule Cart |
| 4:15 | Queue | Villager (Male) |
| 5:06 | Queue | Villager (Male) |
| 5:33 | Queue | Villager (Male) |
| 5:58 | Build | Mill |
| 6:32 | Queue | Villager (Male) |
| 6:50 | Queue | Villager (Male) |
| 7:16 | Research | Feudal Age |
| 7:16 | Research | Feudal Age |
| 7:17 | Research | Feudal Age |
| 7:44 | Build | Barracks |
| 7:57 | Build | House |
| 8:01 | Build | Palisade Wall |
| 8:28 | Build | Mule Cart |
| 8:44 | Queue | Militia |
| 8:44 | Queue | Militia |
| 8:57 | Queue | Villager (Male) |
| 9:01 | Build | Palisade Wall |
| 9:03 | Build | House |
| 9:05 | Build | Palisade Wall |
| 9:18 | Queue | Militia |
| 9:26 | Age | Feudal Age |
| 9:49 | Build | Farm |
| 9:54 | Build | House |
| 9:59 | Build | House |
| 10:07 | Build | House |
| 10:17 | Build | Palisade Wall |
| 10:23 | Build | Palisade Gate |
| 10:25 | Build | House |
| 10:40 | Research | Man-at-Arms (upgrade) |
| 10:40 | Research | Man-at-Arms (upgrade) |
| 10:42 | Build | Farm |
| 10:44 | Queue | Villager (Male) |
| 11:11 | Build | Mill |
| 11:18 | Queue | Villager (Male) |
| 11:18 | Queue | Villager (Male) |
| 11:25 | Build | Farm |
| 11:43 | Build | Palisade Wall |
| 11:45 | Build | Palisade Wall |
| 11:47 | Build | Palisade Wall |
| 11:59 | Queue | Villager (Male) |
| 11:59 | Queue | Villager (Male) |
| 12:01 | Build | Farm |
| 12:07 | Build | Palisade Wall |
| 12:35 | Build | House |
| 12:42 | Queue | Villager (Male) |
| 12:46 | Build | Palisade Wall |
| 12:47 | Build | Palisade Wall |
| 12:49 | Build | Palisade Wall |
| 12:52 | Build | House |
| 12:57 | Build | House |
| 13:01 | Build | Farm |
| 13:13 | Build | Palisade Wall |
| 13:15 | Build | Palisade Wall |
| 13:20 | Queue | Villager (Male) |
| 13:25 | Build | Farm |
| 13:34 | Queue | Villager (Male) |
| 13:39 | Build | House |
| 13:47 | Build | House |
| 13:48 | Build | Palisade Wall |
| 14:21 | Queue | Villager (Male) |
| 14:26 | Queue | Villager (Male) |
| 14:55 | Build | Mule Cart |
| 15:04 | Queue | Villager (Male) |
| 15:28 | Queue | Villager (Male) |
| 16:03 | Queue | Villager (Male) |
| 16:04 | Build | Farm |
| 16:07 | Build | Farm |
| 16:27 | Build | Farm |
| 16:29 | Queue | Villager (Male) |
| 16:49 | Queue | Villager (Male) |
| 17:17 | Queue | Villager (Male) |
| 17:24 | Build | Farm |
| 17:28 | Build | Farm |
| 17:34 | Queue | Villager (Male) |
| 18:11 | Queue | Villager (Male) |
| 18:17 | Build | Blacksmith |
| 18:39 | Queue | Villager (Male) |
| 19:10 | Build | Farm |
| 19:13 | Build | House |
| 19:13 | Queue | Villager (Male) |
| 19:17 | Build | Market |
| 19:30 | Build | Palisade Wall |
| 19:38 | Queue | Villager (Male) |
| 19:48 | Build | Mule Cart |
| 19:57 | Build | Farm |
| 19:57 | Build | Farm |
| 20:13 | Build | Watch Tower |
| 20:17 | Queue | Villager (Male) |
| 20:26 | Queue | Trade Cart |
| 20:29 | Queue | Villager (Male) |
| 20:38 | Build | House |
| 20:56 | Queue | Villager (Male) |
| 21:29 | Build | House |
| 21:31 | Build | House |
| 21:47 | Research | Castle Age |
| 21:48 | Research | Castle Age |
| 22:06 | Build | Watch Tower |
| 23:02 | Build | House |
| 23:13 | Build | House |
| 23:35 | Research | Padded Archer Armor |
| 23:37 | Research | Fletching |
| 23:37 | Research | Fletching |
| 24:27 | Age | Castle Age |
| 24:33 | Build | Siege Workshop |
| 24:37 | Queue | Villager (Male) |
| 24:41 | Queue | Villager (Male) |
| 24:54 | Queue | Villager (Male) |
| 24:59 | Queue | Mangonel |
| 25:30 | Build | Castle |
| 25:36 | Queue | Villager (Male) |
| 26:29 | Research | Bodkin Arrow |
| 26:29 | Research | Bodkin Arrow |
| 26:29 | Research | Bodkin Arrow |
| 26:30 | Queue | Composite Bowman |
| 26:30 | Queue | Composite Bowman |
| 26:31 | Queue | Composite Bowman |
| 26:31 | Queue | Composite Bowman |
| 26:38 | Queue | Villager (Male) |
| 27:03 | Queue | Villager (Male) |
| 27:17 | Build | University |
| 27:19 | Queue | Composite Bowman |
| 27:19 | Queue | Composite Bowman |
| 27:19 | Queue | Composite Bowman |
| 27:19 | Queue | Composite Bowman |
Build order — Charly
First 150 of 393 actions detected
| 0:00 | Queue | Villager (Male) |
| 0:01 | Queue | Villager (Male) |
| 0:01 | Queue | Villager (Male) |
| 0:01 | Queue | Villager (Male) |
| 0:02 | Build | House |
| 0:04 | Build | House |
| 1:25 | Queue | Villager (Male) |
| 2:03 | Queue | Villager (Male) |
| 2:04 | Queue | Villager (Male) |
| 2:13 | Build | Lumber Camp |
| 2:20 | Queue | Villager (Male) |
| 2:20 | Queue | Villager (Male) |
| 2:56 | Queue | Villager (Male) |
| 2:56 | Queue | Villager (Male) |
| 3:11 | Build | House |
| 3:13 | Queue | Villager (Male) |
| 3:14 | Queue | Villager (Male) |
| 3:43 | Queue | Villager (Male) |
| 3:43 | Queue | Villager (Male) |
| 4:00 | Queue | Villager (Male) |
| 4:01 | Queue | Villager (Male) |
| 4:33 | Queue | Villager (Male) |
| 4:36 | Build | Barracks |
| 4:55 | Queue | Villager (Male) |
| 5:04 | Queue | Villager (Male) |
| 5:30 | Build | House |
| 5:50 | Queue | Villager (Male) |
| 5:53 | Queue | Militia |
| 5:53 | Queue | Militia |
| 5:53 | Queue | Militia |
| 5:55 | Build | House |
| 6:32 | Research | Loom |
| 6:32 | Research | Loom |
| 6:37 | Build | Mill |
| 6:55 | Queue | Militia |
| 7:14 | Queue | Villager (Male) |
| 7:17 | Build | Mill |
| 7:20 | Queue | Villager (Male) |
| 7:42 | Build | Mining Camp |
| 8:11 | Queue | Villager (Male) |
| 8:19 | Build | House |
| 8:20 | Build | House |
| 8:31 | Queue | Villager (Male) |
| 8:35 | Build | Farm |
| 8:52 | Build | Farm |
| 9:22 | Research | Feudal Age |
| 9:23 | Research | Feudal Age |
| 10:18 | Queue | Militia |
| 10:18 | Queue | Militia |
| 10:19 | Queue | Militia |
| 11:20 | Queue | Villager (Male) |
| 11:32 | Age | Feudal Age |
| 11:33 | Research | Man-at-Arms (upgrade) |
| 11:34 | Research | Man-at-Arms (upgrade) |
| 11:34 | Research | Double-Bit Axe |
| 11:35 | Research | Double-Bit Axe |
| 11:41 | Queue | Villager (Male) |
| 11:48 | Build | Archery Range |
| 11:53 | Build | Blacksmith |
| 12:11 | Build | Palisade Wall |
| 12:12 | Build | Palisade Wall |
| 12:14 | Build | Palisade Wall |
| 12:16 | Build | Palisade Wall |
| 12:29 | Build | Archery Range |
| 12:31 | Build | Blacksmith |
| 12:45 | Queue | Villager (Male) |
| 12:54 | Queue | Villager (Male) |
| 13:16 | Queue | Villager (Male) |
| 13:39 | Queue | Archer |
| 13:43 | Build | Farm |
| 13:46 | Build | Farm |
| 13:48 | Build | Farm |
| 13:50 | Queue | Villager (Male) |
| 14:06 | Queue | Archer |
| 14:12 | Build | Farm |
| 14:28 | Queue | Archer |
| 14:34 | Queue | Archer |
| 14:46 | Queue | Villager (Male) |
| 14:57 | Build | Farm |
| 14:58 | Queue | Archer |
| 15:16 | Queue | Villager (Male) |
| 15:20 | Build | Farm |
| 15:21 | Build | Farm |
| 16:04 | Queue | Villager (Male) |
| 16:18 | Queue | Villager (Male) |
| 16:21 | Queue | Archer |
| 16:24 | Research | Fletching |
| 16:24 | Research | Fletching |
| 16:24 | Research | Fletching |
| 16:32 | Build | Farm |
| 16:33 | Build | Farm |
| 16:36 | Build | Farm |
| 16:37 | Build | Farm |
| 16:44 | Queue | Archer |
| 16:52 | Research | Padded Archer Armor |
| 16:52 | Research | Padded Archer Armor |
| 16:52 | Research | Padded Archer Armor |
| 16:56 | Queue | Villager (Male) |
| 17:11 | Queue | Militia |
| 17:22 | Build | Farm |
| 17:26 | Queue | Villager (Male) |
| 17:45 | Build | Farm |
| 17:46 | Queue | Villager (Male) |
| 17:52 | Build | House |
| 17:53 | Build | House |
| 18:06 | Queue | Militia |
| 18:12 | Research | Wheelbarrow |
| 18:48 | Queue | Archer |
| 18:54 | Build | Farm |
| 18:54 | Build | Farm |
| 18:54 | Build | Farm |
| 18:54 | Build | Farm |
| 18:55 | Build | Farm |
| 18:55 | Build | Farm |
| 18:55 | Build | Farm |
| 19:22 | Queue | Archer |
| 19:26 | Build | House |
| 19:27 | Build | House |
| 19:30 | Build | Farm |
| 19:31 | Build | Farm |
| 19:32 | Build | Farm |
| 19:34 | Queue | Villager (Male) |
| 20:09 | Research | Scale Mail Armor |
| 20:10 | Research | Scale Mail Armor |
| 20:11 | Queue | Archer |
| 20:14 | Queue | Villager (Male) |
| 20:27 | Build | Market |
| 20:48 | Queue | Archer |
| 20:57 | Queue | Archer |
| 21:04 | Queue | Villager (Male) |
| 21:06 | Research | Castle Age |
| 21:07 | Research | Castle Age |
| 21:13 | Research | Gold Mining |
| 21:14 | Research | Gold Mining |
| 21:16 | Research | Horse Collar |
| 21:17 | Research | Horse Collar |
| 21:17 | Research | Horse Collar |
| 21:42 | Queue | Archer |
| 21:46 | Build | House |
| 21:48 | Build | House |
| 22:04 | Queue | Archer |
| 22:37 | Queue | Militia |
| 22:37 | Queue | Militia |
| 22:38 | Queue | Militia |
| 23:01 | Build | Barracks |
| 23:04 | Research | Forging |
| 23:05 | Research | Forging |
| 23:24 | Queue | Archer |
| 23:46 | Age | Castle Age |
| 23:52 | Research | Bodkin Arrow |
Match timeline
| 4:36 | Charly · first_building Barracks |
| 7:44 | DeliManyak · first_building Barracks |
| 8:01 | DeliManyak · wall_segment Palisade Wall x6 |
| 9:01 | DeliManyak · wall_segment Palisade Wall x5 |
| 9:05 | DeliManyak · wall_segment Palisade Wall x2 |
| 9:26 | DeliManyak · age_up feudal |
| 10:17 | DeliManyak · wall_segment Palisade Wall x1 |
| 11:32 | Charly · age_up feudal |
| 11:43 | DeliManyak · wall_segment Palisade Wall x1 |
| 11:45 | DeliManyak · wall_segment Palisade Wall x3 |
| 11:47 | DeliManyak · wall_segment Palisade Wall x8 |
| 11:48 | Charly · first_building Archery Range |
| 12:07 | DeliManyak · wall_segment Palisade Wall x7 |
| 12:11 | Charly · wall_segment Palisade Wall x1 |
| 12:12 | Charly · wall_segment Palisade Wall x1 |
| 12:14 | Charly · wall_segment Palisade Wall x1 |
| 12:16 | Charly · wall_segment Palisade Wall x1 |
| 12:46 | DeliManyak · wall_segment Palisade Wall x1 |
| 12:47 | DeliManyak · wall_segment Palisade Wall x1 |
| 12:49 | DeliManyak · wall_segment Palisade Wall x1 |
| 13:13 | DeliManyak · wall_segment Palisade Wall x1 |
| 13:15 | DeliManyak · wall_segment Palisade Wall x1 |
| 13:48 | DeliManyak · wall_segment Palisade Wall x1 |
| 19:30 | DeliManyak · wall_segment Palisade Wall x1 |
| 20:21 | DeliManyak · first_market_buy 100 food |
| 21:47 | DeliManyak · first_market_sell 100 wood |
| 23:46 | Charly · age_up castle |
| 24:27 | DeliManyak · age_up castle |
| 24:33 | DeliManyak · first_building Siege Workshop |
| 24:54 | Charly · first_building Siege Workshop |
| 25:30 | DeliManyak · first_building Castle |
| 26:15 | Charly · first_market_buy 100 wood |
| 26:45 | Charly · first_market_sell 100 food |
| 27:35 | Charly · first_building Monastery |
| 53:21 | DeliManyak · resign |
[ AI ANALYSIS · 1 CREDIT ]
What really happened in this match?
Wolo.gg analyzes every decision: build order, eco, micro, common mistakes by bracket. Personalized analysis on WhatsApp or Discord in 30 seconds.
Civ guide
Armenians
Perfil
Jugador #346344